 Dungeon Crawl Stone Soup version 0.18-a0-1186-gd02dc51 (webtiles) character file.

361 kae the Insei (level 6, 0/47 HPs)
             Began as a Demonspawn Monk on Jan 28, 2016.
             Killed by divine providence
             ... invoked by an orc priest
              (11 damage)
             ... on level 4 of the Dungeon.
             The game lasted 00:03:06 (3767 turns).

kae the Insei (Demonspawn Monk)                     Turns: 3767, Time: 00:03:06

Health: 0/47       AC:  4    Str: 11    XL:     6   Next: 38%
Magic:  6/6        EV: 13    Int: 12    God:
Gold:   94         SH:  0    Dex: 17    Spells: 0 memorised, 5 levels left

rFire  . . .     SeeInvis .       - Unarmed
rCold  . . .     Gourm    .     a - +0 robe
rNeg   . . .     Faith    .     (no shield)
rPois  .         Spirit   .     (no helmet)
rElec  .         Dismiss  .     (no cloak)
rCorr  .         Reflect  .     j - +0 pair of gloves
SustAt .         Harm     .     (no boots)
MR     .....                    (no amulet)
Stlth  +++.......               (no ring)
                                (no ring)

@: not resistant to hostile enchantments, fairly stealthy
A: claws 2, molten scales 1, nightstalker 1
a: no special abilities


You were on level 4 of the Dungeon.
You were not hungry.

You visited 1 branch of the dungeon, and saw 4 of its levels.

You collected 94 gold pieces.

Inventory:

Armour
 a - a +0 robe (worn)
 j - a +0 pair of gloves (worn)
Wands
 k - a wand of teleportation (4/9)
 o - a wand of polymorph (11/24)
Scrolls
 d - a scroll of random uselessness
 e - 2 scrolls of teleportation
 n - a scroll of enchant armour {unknown}
Potions
 f - a potion of might {unknown}
 g - 2 potions of haste
 i - a potion of curing {unknown}
 l - 4 potions of heal wounds {unknown}
Comestibles
 b - 2 bread rations
 c - 2 slices of pizza
 h - 16 fruits
 m - a meat ration


   Skills:
 - Level 3.0 Fighting
 - Level 2.6 Dodging
 - Level 1.7 Stealth
 + Level 7.1 Unarmed Combat


You had 5 spell levels left.
You didn't know any spells.

Dungeon Overview and Level Annotations

Branches:
Dungeon (4/15)
 Temple: D:4-7

Altars:
Ashenzari
Xom


Innate Abilities, Weirdness & Mutations

You have very sharp fingernails.
You are partially covered in molten scales (AC +1).
You are slightly more attuned to the shadows.


Message History

The orc wizard is lightly wounded.
The orc wizard hits you but does no damage.
You punch the orc wizard!
The orc wizard is severely wounded.
The orc wizard gestures at you while chanting.
The magic dart hits you!
* * * LOW HITPOINT WARNING * * *
The orc wizard points at you and mumbles some strange words.
The magic dart hits you!
* * * LOW HITPOINT WARNING * * *
You hit the orc wizard.
You kill the orc wizard!
Your Unarmed Combat skill increases to level 7!
The orc priest closely misses you.
Unknown command.
You hit the orc priest.
The orc priest is lightly wounded.
The orc priest calls down the wrath of Beogh upon you.
Something smites you!
You die...

########## #........#
#.######.#
########.######.######
.....o)#.#..>.........
#@#.#.#.##.######
#.#.#.#.##.#
#.#.#.#.##.#
#.#.#.#.##.#
#...#.#.##.#
#####.#..... #...#.#
#.# #.....# ###### #
###.### #.....


You could see an orc priest.

Vanquished Creatures
  A phantom (D:4)
  A scorpion (D:4)
  An orc wizard (D:4)
  5 gnolls (D:4)
  7 adders
  An ooze (D:1)
  4 worms
  2 giant geckos
  5 orcs (D:3)
  7 bats
  3 giant cockroaches
  9 goblins
  6 hobgoblins
  6 jackals
  4 giant newts
  6 kobolds
  5 rats
73 creatures vanquished.

Notes
Turn   | Place    | Note
--------------------------------------------------------------
     0 | D:1      | kae the Demonspawn Monk began the quest for the Orb.
     0 | D:1      | Reached XP level 1. HP: 18/18 MP: 1/1
   175 | D:1      | Reached skill level 4 in Unarmed Combat
   175 | D:1      | Gained mutation: You have sharp fingernails. [demonic ancestry]
   175 | D:1      | Reached XP level 2. HP: 8/24 MP: 2/2
   743 | D:2      | Gained mutation: You have very sharp fingernails. [demonic ancestry]
   743 | D:2      | Reached XP level 3. HP: 27/29 MP: 3/3
  1027 | D:2      | Reached skill level 5 in Unarmed Combat
  1166 | D:2      | Gained mutation: You are slightly more attuned to the shadows. [demonic ancestry]
  1166 | D:2      | Reached XP level 4. HP: 33/35 MP: 4/4
  2610 | D:3      | Found a shattered altar of Ashenzari.
  2788 | D:3      | Gained mutation: You are partially covered in molten scales (AC +1). [demonic ancestry]
  2788 | D:3      | Reached XP level 5. HP: 35/41 MP: 5/5
  2994 | D:4      | Reached skill level 6 in Unarmed Combat
  3599 | D:4      | Found a shimmering altar of Xom.
  3659 | D:4      | Noticed a phantom
  3678 | D:4      | Killed a phantom
  3678 | D:4      | Reached XP level 6. HP: 9/47 MP: 6/6
  3766 | D:4      | Reached skill level 7 in Unarmed Combat
  3767 | D:4      | Killed from afar by an orc priest

Vault maps used:
D:1:      minmay_arrival_three_doors, wad_floor_pattern_1, hangedman_decor_push
D:2:      grunt_ministairs_6
D:3:      ashenzari_altar_1
D:4:      tgw_xom, first_bread, nicolae_tso_swordbearing_angel, uniq_menkaure,
          uniq_blork_the_orc

Action                   |  1- 3 |  4- 6 || total
-------------------------+-------+-------++-------
Melee: Unarmed           |   124 |   157 ||   281
  Use: Scroll            |     3 |     1 ||     4
 Stab: Sleeping          |     5 |     7 ||    12
       Invisible         |       |     5 ||     5
  Eat: Chunk             |     1 |     8 ||     9
